 Dungeon Crawl Stone Soup version 0.23.1 (webtiles) character file.

Game seed: 2888209450860324238

434 Chiseanne the Magician (level 6, -5/47 HPs)
             Began as a Demonspawn Wizard on Mar 7, 2019.
             Slain by a sky beast (6 damage)
             ... on level 5 of the Dungeon.
             The game lasted 00:09:56 (5226 turns).

Chiseanne the Magician (Demonspawn Wizard)          Turns: 5226, Time: 00:09:57

Health: -5/47      AC: 10    Str:  8    XL:     6   Next: 68%
Magic:  0/12       EV: 11    Int: 21    God:
Gold:   206        SH:  0    Dex: 11    Spells: 4/13 levels left

rFire    + . .     SeeInvis .   a - +0 trident
rCold    + . .     Gourm    .   (no shield)
rNeg     . . .     Faith    .   r - +1 ring mail {rC+}
rPois    .         Spirit   +   n - +2 helmet
rElec    .         Reflect  .   (no cloak)
rCorr    +         Harm     .   (no gloves)
MR       .....                  o - +0 pair of boots
Stlth    +.........             (no amulet)
HPRegen  0.15/turn              j - ring of protection from fire
MPRegen  0.13/turn              i - ring of resist corrosion

@: very slightly contaminated
A: hooves 2, powered by death 1, magic shield
a: no special abilities


You were on level 5 of the Dungeon.
You were very hungry.

You visited 2 branches of the dungeon, and saw 6 of its levels.

You collected 206 gold pieces.

Inventory:

Hand Weapons
 a - a +0 trident (weapon)
 w - a +1 hunting sling of freezing
Missiles
 b - 7 tomahawks
 c - 193 stones (quivered)
 e - 10 poisoned needles
 f - 32 sling bullets
 h - 3 javelins
 l - 12 arrows
Armour
 n - a +2 helmet (worn)
 o - a +0 pair of boots (worn)
 r - a +1 ring mail of cold resistance (worn)
Magical Staves
 p - an uncursed staff of summoning
Jewellery
 i - a ring of resist corrosion (right hand)
 j - a ring of protection from fire (left hand)
Wands
 q - a wand of clouds (6)
Scrolls
 k - 3 scrolls of remove curse
 m - a scroll of immolation {unknown}
Potions
 g - a potion of heal wounds
Comestibles
 d - 8 rations


   Skills:
 - Level 3.0 Fighting
 * Level 2.4 Armour
 * Level 3.5 Dodging
 - Level 1.7 Stealth
 * Level 4.0 Spellcasting
 * Level 2.9 Conjurations
   Level 1.0 Summonings
 - Level 0.8 Translocations


You had 4 spell levels left.
You knew the following spells:

 Your Spells              Type           Power        Failure   Level  Hunger
a - Magic Dart            Conj           ###.         11%         1    None
b - Blink                 Tloc           N/A          36%         2    #......
c - Conjure Flame         Conj/Fire      ##......     50%         3    ###....
d - Mephitic Cloud        Conj/Pois/Air  #.......     56%         3    ###....

Your spell library contained the following spells:

 Spells                   Type           Power        Failure   Level  Hunger
 Call Imp                 Summ           #.......     34%         2    #......
 Slow                     Hex            #.......     45%         2    #......


Dungeon Overview and Level Annotations

Branches:
Dungeon (5/15)             Temple (1/1) D:4

Altars:
Ashenzari
Cheibriados
Dithmenos
Fedhas
Kikubaaqudgha
Nemelex Xobeh
Okawaru
Ru
Sif Muna
Uskayaw
Wu Jian
Xom
Yredelemnul
Zin


Innate Abilities, Weirdness & Mutations

You have hoof-like feet.
You regenerate a little health from kills.
When hurt, damage is shared between your health and your magic reserves.


Message History

You hit the sky beast.
The sky beast is severely wounded.
The sky beast flickers out of sight!
Deactivating autopickup; reactivate with Ctrl-A.
Something hits you.
* * * LOW HITPOINT WARNING * * *
Something shocks you.
* * * LOW HITPOINT WARNING * * *
You hit something.
A sky beast appears from thin air!
Reactivating autopickup.
The sky beast barely misses you. The sky beast hits you.
* * * LOW HITPOINT WARNING * * *
The sky beast shocks you.
* * * LOW HITPOINT WARNING * * *
You barely miss the sky beast.
The sky beast is almost dead.
The sky beast hits you.
* * * LOW HITPOINT WARNING * * *
The sky beast shocks you.
You die...

#.# #.# ########.#
.........##### ## #.#
#...........# . ..#
##.##...###.# #. #.#
#.#.#.##.## #.. #.#
#.Y.......# ###..##.# ###
#@#.#.##..# ........###.##
#....###..#
#........#.###.#.## #..#
#...)...###.##.#.####..######
########.#.###....#...........
#...............####.##
##.####....#.##.# #.#
#.#.##.##... #.# #.#.##.##..##


You could see a sky beast.

Vanquished Creatures
  A phantom (D:3)
  An ogre (D:4)
  A howler monkey (D:4)
  A centaur skeleton (D:4)
  An iguana (D:4)
  2 worker ants
  6 adders
  2 oozes
  A dart slug (D:1)
  A worm (D:3)
  6 leopard geckos
  3 orcs
  2 giant cockroaches
  7 hobgoblins
  2 jackals (D:1)
  5 kobolds
  A quokka (D:3)
  3 bats
  8 frilled lizards
  6 goblins
  6 rats (D:1)
66 creatures vanquished.

Notes
Turn   | Place    | Note
-------+----------+-------------------------------------------
     0 | D:1      | Chiseanne the Demonspawn Wizard began the quest for the
                  | Orb.
     0 | D:1      | Reached XP level 1. HP: 13/13 MP: 4/4
   365 | D:1      | Gained mutation: You have large cloven feet. [demonic
                  | ancestry]
   365 | D:1      | Reached XP level 2. HP: 15/19 MP: 0/6
  1370 | D:2      | Learned a level 2 spell: Blink
  1382 | D:2      | Found an ornate altar of the Wu Jian Council.
  1416 | D:2      | Reached XP level 3. HP: 21/24 MP: 0/8
  2150 | D:2      | Reached skill level 1 in Fighting
  2423 | D:3      | Gained mutation: You have hoof-like feet. [demonic
                  | ancestry]
  2423 | D:3      | Reached XP level 4. HP: 32/32 MP: 5/9
  2425 | D:3      | Noticed a phantom
  2452 | D:2      | HP: 1/32 [worker ant (2)]
  2913 | D:3      | Reached skill level 1 in Armour
  3252 | D:3      | Killed a phantom
  3252 | D:3      | Gained mutation: When hurt, damage is shared between your
                  | health and your magic reserves. [demonic ancestry]
  3252 | D:3      | Reached XP level 5. HP: 33/39 MP: 1/10
  3922 | D:4      | Found a staircase to the Ecumenical Temple.
  4015 | D:4      | Gained mutation: You regenerate a little health from kills.
                  | [demonic ancestry]
  4015 | D:4      | Reached XP level 6. HP: 25/46 MP: 0/11
  4209 | Temple   | Entered the Ecumenical Temple
  4650 | D:4      | Reached skill level 4 in Spellcasting
  5087 | D:4      | Found a shadowy altar of Dithmenos.
  5097 | D:4      | Learned a level 3 spell: Conjure Flame
  5101 | D:4      | Learned a level 3 spell: Mephitic Cloud
  5152 | D:5      | Entered Level 5 of the Dungeon
  5169 | D:5      | Noticed a sky beast
  5225 | D:5      | HP: 2/47 [sky beast (4)]
  5226 | D:5      | Slain by a sky beast

Skill      XL: |  1  2  3  4  5  6 |
---------------+-------------------+-----
Conjurations   | 2 |  2.9
Dodging        | 2 3 |  3.5
Fighting       | 1 2 3 |  3.0
Armour         | 1 2 |  2.4
Spellcasting   | 4 |  4.0
Stealth        | |  1.7
Summonings     | |  1.0
Translocations | |  0.8

Action                   |  1- 3 |  4- 6 || total
-------------------------+-------+-------++-------
Melee: Mace              |    22 |    23 ||    45
       Kick              |     3 |       ||     3
       Trident           |       |   115 ||   115
 Cast: Magic Dart        |    81 |   101 ||   182
  Use: Scroll            |     1 |     6 ||     7
       Potion            |       |     1 ||     1
 Stab: Sleeping          |     1 |       ||     1
  Eat: Chunk             |     4 |     8 ||    12
Armor: Robe              |     6 |       ||     6
       Ring mail         |     4 |    73 ||    77
Dodge: Dodged            |    23 |    93 ||   116
